[Event "Baku Open 2024"]
[Site "Baku"]
[Date "2024.07.03"]
[Round "5.22"]
[White "Talibov, Shiroghlan"]
[Black "Saravana, Krishnan P."]
[Result "1-0"]
[ECO "C77"]
[WhiteElo "2361"]
[BlackElo "2236"]
[Annotator "TA"]
[PlyCount "73"]
[EventDate "2024.06.29"]
[EventType "swiss"]
[EventCountry "AZE"]
[SourceTitle "playchess.com"]
[Source "ChessBase"]
[SourceQuality "1"]
[TimeControl "5400+30"]

1. e4 e5 2. Nf3 Nc6 3. Bb5 a6 4. Ba4 Nf6 5. Nc3 b5 6. Bb3 Be7 7. a4 Rb8 8. axb5 axb5 9. d3 {[%emt 0:03:02] The position is equal.} d6 10. h3 O-O 11. Nd5 Nxd5 12. Bxd5 Nb4 13. Bb3 Be6 14. Bxe6 fxe6 15. c3 {[%emt 0:00:37] Against c5} Nc6 16. O-O Qe8 17. Ra6 Kh8 18. Be3 Bf6 19. Qb3 Qd7 20. d4 d5 21. Rd1 exd4 22. cxd4 (22. Bxd4 Nxd4 23. Nxd4 Qc8 $14) 22... dxe4 {[%emt 0:10:05] [#]} (22... Rfe8 $142) 23. Ne5 $1 $16 Bxe5 24. dxe5 Qe8 25. Qc3 $36 {[%emt 0:04:43][%mdl 2048] Keeping Black busy. Black is weak on the dark squares} Ne7 26. Rxe6 {[%emt 0:01:53][%cal Oe3c5] aiming for Bc5! White has more active pieces.} (26. Qxc7 $6 Nd5 27. Qc1 Rc8 $11) 26... Qh5 (26... Qf7 $16 27. Rxe7 Qxe7) 27. Re1 (27. Rd7 $18 b4 28. Qd4 (28. Qxc7 Nf5 $18)) 27... Nf5 (27... Qf7 $16 {is a better defense.} 28. Ra6 Nd5) 28. Qc2 (28. Qxc7 Nxe3 29. Rxe3 Rbc8 $11) ({Better is} 28. Bc5 $18 Rfd8 29. Qc2 (29. Rxe4 Qd1+ 30. Re1 b4 $18)) 28... Qh4 29. Bc5 (29. Qxc7 $2 {perishes.} Nxe3 $19) 29... Rfd8 $2 (29... e3 $16) 30. Rxe4 $18 ({Resist} 30. Qxe4 Rd1 31. Qe2 (31. Qxf5 Rxe1+ 32. Kh2 Rg8 $14) 31... Rxe1+ 32. Qxe1 h6 $18) 30... Qh5 31. Rf4 Nh4 32. Qe4 Qd1+ (32... Ng6 $142) 33. Kh2 Ng6 34. Rxg6 hxg6 35. Rh4+ {[%emt 0:00:07] White mates.} Kg8 36. Qxg6 Qd5 {[%emt 0:01:49] [#]} 37. e6 $1 {[%emt 0:00:12] Weighted Error Value: White=0.11 (very precise) /Black=0.46.  Mistake:       	White=2     	Black=5      Inaccurate:     	---       	Black=4      OK:         	White=10    	Black=7      Best:        	White=2     	---        Brilliant:      	White=1     	---} 1-0

[Event "Baku Open 2024"]
[Site "Baku"]
[Date "2024.07.03"]
[Round "5.23"]
[White "Suleymanli, Suleyman"]
[Black "Hamidov, Allahverdi"]
[Result "1/2-1/2"]
[ECO "E05"]
[WhiteElo "2262"]
[BlackElo "2307"]
[Annotator "TA"]
[PlyCount "97"]
[EventDate "2024.06.29"]
[EventType "swiss"]
[EventCountry "AZE"]
[SourceTitle "playchess.com"]
[Source "ChessBase"]
[SourceQuality "1"]
[TimeControl "5400+30"]

1. Nf3 Nf6 2. g3 d5 3. Bg2 e6 4. O-O Be7 5. d4 O-O 6. c4 dxc4 7. Qa4 a6 8. Qxc4 b5 9. Qc2 Bb7 10. Bd2 Ra7 11. Rc1 Be4 12. Qb3 Nc6 {[%emt 0:00:00][%cal Oe4f3] Prevents Bb4.} 13. e3 Qa8 14. Qd1 Nb4 15. Bxb4 Bxb4 16. a3 Bd6 17. Nbd2 Bd5 18. Qf1 Rc8 19. Ng5 h6 20. Bxd5 Qxd5 21. Ngf3 c5 22. Qe2 Qa8 23. dxc5 Rxc5 24. Rxc5 Bxc5 25. Rc1 Rc7 26. Qd3 Bb6 27. Rxc7 Bxc7 28. Qc2 Bb6 29. Ne5 Qb7 30. Nc6 Qc7 31. Nf3 Qd6 32. Nfe5 Nd7 33. Nxd7 Qxd7 $11 {[%emt 0:00:00][%mdl 4096] Endgame. KQB-KQN} 34. Ne5 Qc7 35. Qe4 a5 36. b3 Bc5 37. a4 bxa4 (37... f5 $5 38. Qa8+ $8 Kh7 $11) 38. bxa4 Bb4 39. Kg2 f5 40. Qa8+ Kh7 41. Nc6 Qd7 {[%emt 0:00:18] [#] Inhibits Qe8. Hoping for ...Qd5+.} 42. Nd4 (42. Nxa5 Qxa4 43. Qc6 Qxa5 $19) 42... Qxa4 {[%emt 0:01:04] Strongly threatening ...Qd7.} 43. Nxe6 Qd7 44. Nd4 ({White should play} 44. Nf8+ $1 $15 Bxf8 45. Qxf8) 44... a4 $17 45. g4 fxg4 {[%emt 0:02:58] [#] Threatens to win with ...g6.} 46. Qe4+ g6 {[%emt 0:00:08] aiming for ...a3.} 47. Nc6 Bd6 (47... Qb7 $17 {...a3 would now be deadly.} 48. Kg1 h5) 48. Qxa4 $11 h5 49. Qe4 {[%emt 0:01:01] Weighted Error Value: White=0.04 (flawless) /Black=0.05 (flawless) .  Mistake:       	White=1     	Black=1      Inaccurate:     	White=2     	Black=1      OK:         	White=20    	Black=21     Best:        	White=1     	Black=4} 1/2-1/2

[Event "Baku Open 2024"]
[Site "Baku"]
[Date "2024.07.03"]
[Round "5.24"]
[White "Iskandarov, Misratdin"]
[Black "Md Imran"]
[Result "0-1"]
[ECO "C01"]
[WhiteElo "2524"]
[BlackElo "2180"]
[Annotator "TA"]
[PlyCount "78"]
[EventDate "2024.06.29"]
[EventType "swiss"]
[EventCountry "AZE"]
[SourceTitle "playchess.com"]
[Source "ChessBase"]
[SourceQuality "1"]
[TimeControl "5400+30"]

1. e4 e6 2. d4 d5 3. Nc3 Bb4 4. exd5 exd5 5. Bd3 Nf6 6. Nf3 O-O 7. O-O Bg4 8. h3 Bh5 9. Bg5 c6 10. g4 {[%emt 0:13:39] The position is equal.} Bg6 11. Ne2 Nbd7 12. Ne5 Qc7 13. f4 Bxd3 14. cxd3 Ne8 15. Bh4 f6 16. Nf3 Bd6 17. f5 g6 18. Qd2 gxf5 19. g5 (19. gxf5 $11 {remains equal.} Ng7 20. Ne1) 19... f4 (19... Ng7 $17 {Threatens to win with ...f4.} 20. gxf6 Nxf6) 20. Kh1 (20. gxf6 $15 Ndxf6 21. Ne5) 20... Ng7 $17 21. Rg1 f5 (21... Rae8 $19 {...Re3 is the strong threat.} 22. Rg2 Nf5) 22. Nc3 Rae8 23. Rae1 b5 (23... Re3 $17 24. Rxe3 fxe3 25. Qxe3 Re8) 24. Bf2 Nh5 (24... Rxe1 $17 25. Rxe1 Qb8) 25. Rxe8 (25. g6 $1 $11) 25... Rxe8 26. Re1 Qd8 27. Kg2 Nf8 28. h4 Ng6 29. Ne2 Qd7 {[%emt 0:01:52] Black is more active.} 30. Qc2 (30. Nc1 $15) 30... h6 31. Rc1 hxg5 32. hxg5 {[%emt 0:00:06] [#]} Ng3 33. Nxg3 (33. Qxc6 $11 Qxc6 34. Rxc6 Rxe2 35. Rxd6) 33... fxg3 34. Bxg3 {[%emt 0:01:31][%mdl 8192] Loses the game.} (34. Qxc6 $17 Nf4+ 35. Kxg3 Nxd3+ 36. Kg2) 34... Bxg3 $19 35. Kxg3 f4+ 36. Kh2 {[%emt 0:00:41] [#]} Nh4 $1 37. Qf2 {[%emt 0:03:13] [#]} (37. Nxh4 Qg4) 37... Qg4 $1 ({Stronger than} 37... Nxf3+ 38. Qxf3 Qh7+ 39. Kg2 $11) 38. Ng1 Re3 ({Less strong is} 38... Qxg5 39. Nh3 Qh6 (39... Qg4 $2 40. Rg1 $18) 40. Rf1 $19) 39. Rxc6 Rg3 {[%emt 0:01:25] Weighted Error Value: White=0.67/Black=0.18 (very precise) .  Loses game:     	White=1     	---        Mistake:       	White=5     	Black=5      Inaccurate:     	White=1     	Black=2      OK:         	White=8     	Black=11     Best:        	---       	Black=1} 0-1

[Event "Baku Open 2024"]
[Site "Baku"]
[Date "2024.07.03"]
[Round "5.25"]
[White "Tsaruk, Maksim"]
[Black "Wagh Suyog"]
[Result "1-0"]
[ECO "B13"]
[WhiteElo "2480"]
[BlackElo "2230"]
[Annotator "TA"]
[PlyCount "177"]
[EventDate "2024.06.29"]
[EventType "swiss"]
[EventCountry "AZE"]
[SourceTitle "playchess.com"]
[Source "ChessBase"]
[SourceQuality "1"]
[TimeControl "5400+30"]

1. e4 c6 2. d4 d5 3. exd5 cxd5 4. Bd3 Nf6 5. c3 Bg4 6. Ne2 {[%emt 0:02:32] B13: Caro-Kann: Exchange Variation and Panov-Botvinnik Attack.} e6 7. h3 Bxe2 8. Qxe2 Bd6 9. O-O Qc7 10. Be3 $146 ({Predecessor:} 10. Nd2 O-O 11. Nf3 Nc6 12. Bg5 Nd7 13. Rac1 Rfe8 14. Rfe1 a6 15. Bb1 f6 16. Bd2 {½-½ Heinl,T (2215)-Reuss,A (2352) Wuerttemberg-chA 2006 (5)}) 10... Nc6 11. Nd2 O-O 12. Bg5 Nd7 13. Qh5 g6 14. Qh4 Rab8 15. Rfe1 b5 16. a3 Rfe8 17. Rad1 e5 18. dxe5 Ndxe5 19. Bf1 Nc4 20. Nf3 N6e5 21. Nd4 a6 22. Re2 Nd7 23. Rde1 Rxe2 24. Rxe2 Nc5 25. g3 Qd7 26. Bg2 Re8 27. Bxd5 Rxe2 28. Nxe2 Nxb2 29. Bf6 Nbd3 30. Nd4 Be5 31. Nc6 Bd6 32. Bd4 Ne6 33. Qg4 Bxa3 34. c4 Bf8 35. Bf6 Nb4 36. Nxb4 Bxb4 37. h4 Bf8 38. h5 Bg7 39. Qh4 bxc4 40. Bxg7 Qxd5 41. Bf6 Qd1+ 42. Kg2 Qd5+ 43. Kg1 gxh5 44. Be7 c3 45. Qb4 Qe5 46. Bd6 Qd5 47. Qb8+ Kg7 48. Be5+ f6 ({Black should play} 48... Kg6 $1 $19 49. Bxc3 Ng5 50. Qb6+ Qe6) 49. Bxc3 $17 Ng5 (49... Qc6 $17 50. Qa7+ Kg6) 50. Qa7+ $15 Kg6 (50... Qf7 {simplifies} 51. Qxa6 h4 52. gxh4 Nf3+) 51. Qxa6 Qf3 52. Qc8 Qd5 53. Qe8+ Qf7 54. Qc6 (54. Qxf7+ {simplifies} Nxf7 55. Kg2 Nd6 56. Kh3) 54... Qe7 (54... Qe6 {simplifies} 55. Qxe6 Nxe6 56. Kh2 Nc5) 55. Qd5 Qe6 (55... Qe4 {keeps more tension.} 56. Qg8+ Kf5 57. Qc8+ Qe6) 56. Qxe6 Nxe6 57. Kg2 Ng5 58. f3 Kf5 59. g4+ Ke6 60. gxh5 Kf5 61. Kg3 Ne6 62. Bd2 Nd4 63. Be3 Ne2+ 64. Kh4 Nf4 65. Bd2 Ne6 66. Be3 $1 Nd8 67. Bd2 Ne6 68. Be3 Ke5 69. Kg3 f5 70. Bb6 Kd5 71. Kf2 Nf4 72. Kg3 Ne6 73. Kf2 Kc6 74. Ba7 Kd5 (74... Kb7 $5 75. Be3 $8 Kc7 $11) 75. Bb6 f4 76. Ke2 Ke5 77. Kd3 Ng7 $2 (77... Kf5 $11) 78. h6 $2 (78. Bd4+ Kf5 79. Bxg7 Kg5 80. Ke4 Kxh5 81. Kf5 (81. Kxf4 Kg6 82. Bc3 h6 83. Ke5 h5 84. Be1 h4 85. Bxh4 Kh5) 81... Kh4 82. Kxf4 Kh3 83. Bf6) 78... Ne6 $1 $17 79. Ba7 Ng5 80. Bd4+ $2 (80. Bb8+ $17 Kf5 81. Ke2) 80... Kf5 $2 (80... Kd5 $1 $19 {and Black stays clearly on top.} 81. Bb6 Nxf3) 81. Ke2 $17 {[%emt 0:00:30] [#]} Nf7 $1 82. Bg7 Kg5 83. Kd3 (83. Kf1 $1 $11 {keeps the balance.}) 83... Nxh6 $17 84. Bxh6+ $2 (84. Bc3 $17) 84... Kxh6 85. Ke2 Kg5 86. Kf2 Kf5 87. Kg2 Ke5 88. Kh3 {[#]} Kd6 $2 (88... Kd4 $1 {mates} 89. Kh4 Ke3 90. Kg4 h6 (90... h5+ {leads to mate.} 91. Kh4 Kxf3 92. Kxh5 Ke3 93. Kh6 f3 94. Kg7 f2 95. Kf6 Kd4 96. Kf5 f1=Q+ 97. Ke6 Qf8 98. Kd7 Qf6 99. Kc8 Qe7 100. Kb8 Kc5 101. Kc8 Kc6 102. Kb8 Qb7#) 91. Kh4 Kxf3 92. Kh3 Ke3 93. Kg4 f3 94. Kf5 Kd4 (94... f2 {gets mated.} 95. Kf6 f1=Q+ 96. Ke7 Qb5 97. Ke6 Qc6+ 98. Kf7 Kf4 99. Kg7 Kg5 100. Kh7 Qc7+ 101. Kg8 Kg6 102. Kh8 Qh7#) 95. Kf6 f2 96. Kf5 f1=Q+ (96... f1=R+ 97. Ke6 h5 98. Kd7 h4 99. Kc7 h3 100. Kd8 h2 101. Ke8 h1=R 102. Ke7 Rh7+ 103. Ke6 Rg7 104. Kd6 Rf6#) 97. Ke6 Qf4 98. Kd7 Kd5 99. Ke7 Qf2 100. Kd7 Qa7+ 101. Ke8 Ke6 102. Kf8 Qf7#) 89. Kg2 $2 (89. Kg4 $11) 1-0

[Event "Baku Open 2024"]
[Site "Baku"]
[Date "2024.07.03"]
[Round "5.26"]
[White "Davidov, Samir"]
[Black "Ahmad, Khagan"]
[Result "1/2-1/2"]
[ECO "D04"]
[WhiteElo "2244"]
[BlackElo "2401"]
[Annotator "TA"]
[PlyCount "159"]
[EventDate "2024.06.29"]
[EventType "swiss"]
[EventCountry "AZE"]
[SourceTitle "playchess.com"]
[Source "ChessBase"]
[SourceQuality "1"]
[TimeControl "5400+30"]

1. d4 Nf6 2. Nf3 d5 3. e3 c5 4. b3 cxd4 5. exd4 Nc6 6. Bb2 Bg4 7. Be2 g6 {[%emt 0:02:35] D04: Colle System.} 8. Ne5 Bxe2 9. Qxe2 Bg7 10. O-O O-O 11. Nd2 Rc8 12. c4 e6 13. Rac1 dxc4 14. Nxc6 Rxc6 15. bxc4 Qa5 16. Nb3 $146 ({Predecessor:} 16. Rc2 Rfc8 17. Ba1 Qf5 18. Rfc1 Bh6 19. c5 Nd5 20. a3 Ra6 21. Bb2 Nf4 22. Qf3 {½-½ Alekseenko,M (1888)-Volkov,S (2541) Khanty-Mansiysk Governor Cup 17th 2021 (3)}) 16... Qc7 17. d5 exd5 18. Bxf6 Bxf6 19. cxd5 Rxc1 20. Rxc1 Qd7 21. Qf3 Be7 22. Rd1 Bd6 23. Nd2 f5 24. Nc4 Re8 25. Nxd6 Qxd6 26. h4 h5 27. Qb3 Re7 28. Rc1 Kf7 29. g3 Rd7 30. Rd1 f4 31. Qf3 Qf6 32. Qxf4 Qxf4 33. gxf4 Ke7 34. Kg2 Kd6 35. Kf3 Rc7 36. Rg1 $1 Rc3+ 37. Ke4 Rc4+ 38. Ke3 Ra4 39. Rxg6+ Kxd5 40. Rg5+ Ke6 41. Rb5 b6 42. Rb2 (42. Rxh5 $14 Ra3+ 43. Ke4) 42... Kf5 $11 43. Rb5+ Kg6 (43... Ke6 $11) 44. Rb2 (44. Rg5+ $14 {feels stronger.} Kh6 45. f5) 44... Kf5 $11 45. Rb5+ Kf6 46. Rb2 Ra5 47. Ke4 b5 48. a3 a6 49. Rb3 Ra4+ 50. Ke3 (50. Kf3 $11) 50... Kf5 $17 51. f3 (51. Rc3 $17 {keeps fighting.}) 51... Kf6 $2 ({Black should play} 51... Rxf4 $19 52. Rd3 (52. Rb4 Rc4 $11) 52... Rxh4 53. Rd5+ Ke6) 52. Rc3 Ke6 53. Rd3 Rc4 54. f5+ Kxf5 55. Rd5+ Ke6 56. Rxh5 Ra4 57. Rh8 a5 58. Rb8 Rxa3+ (58... Rxh4 59. Rb6+ (59. Rxb5 Ra4 $14) 59... Kf7 60. Rxb5 $14) 59. Kf4 b4 60. h5 Ra1 61. Rb5 (61. h6 $5 Rh1 $8 62. Kg4 $11) 61... Kf6 62. Kg4 Ra3 63. Rb6+ Ke5 64. h6 Ra1 65. Rb5+ (65. h7 $5 Rh1 $8 66. Rb5+ Kf6 67. Rxa5 $11) 65... Kf6 $1 66. Rh5 Rg1+ 67. Kf4 Rg8 $1 68. Rxa5 Rb8 69. Ra6+ Kf7 70. Ra7+ Kg8 71. Ra2 Kh7 72. Rh2 b3 73. Rb2 Kxh6 74. Ke5 Kg6 75. Rg2+ Kh5 76. Rb2 Kh4 77. f4 Kg4 78. f5 Rb5+ 79. Ke6 Rxf5 80. Rxb3 1/2-1/2

[Event "Baku Open 2024"]
[Site "Baku"]
[Date "2024.07.03"]
[Round "5.27"]
[White "Guliev, Sarhan"]
[Black "Fataliyeva, Ulviyya"]
[Result "1/2-1/2"]
[ECO "C89"]
[WhiteElo "2224"]
[BlackElo "2399"]
[Annotator "TA"]
[PlyCount "104"]
[EventDate "2024.06.29"]
[EventType "swiss"]
[EventCountry "AZE"]
[SourceTitle "playchess.com"]
[Source "ChessBase"]
[SourceQuality "1"]
[TimeControl "5400+30"]

1. e4 e5 2. Nf3 Nc6 3. Bb5 a6 4. Ba4 Nf6 5. O-O Be7 6. Re1 b5 7. Bb3 O-O 8. c3 d5 9. exd5 Nxd5 10. a4 Bb7 11. axb5 axb5 12. Rxa8 Bxa8 13. d3 Bc5 (13... Bf6 $11) 14. Ng5 (14. Nxe5 Bxf2+ 15. Kxf2 Nxe5 $15) (14. Nbd2 $14) 14... Be7 15. Qh5 {[%emt 0:05:38][%csl Gg5][%cal Rh5h7] [#]} Bxg5 {[%emt 0:07:19] White has an edge.} 16. Bxg5 Qd7 17. Nd2 Na5 18. Bc2 (18. Rxe5 $2 Nxb3 19. Nxb3 f6 $19) (18. Ba2 {is interesting.} f6 19. b4 Nb7 20. Qh3) 18... f6 19. Be3 f5 (19... Nxe3 $11 20. Rxe3 c5) 20. Nf3 Nf6 21. Qh3 ({Wrong is} 21. Nxe5 $2 Qd5 22. Qg5 Qxe5 $19) 21... e4 22. dxe4 Bxe4 23. Bxe4 Nxe4 24. Bd4 {[%emt 0:01:54] [#] aiming for Rxe4.} Qd5 {[%emt 0:01:27] The position is equal.} 25. Nd2 c5 (25... Nxd2 $5 26. Re7 $8 Rf7 27. Re8+ Rf8 $11) 26. Nxe4 cxd4 (26... fxe4 $5 27. Be3 $8 Nb3 $15) 27. Nd2 (27. Ng5 $5 h6 $8 28. Qf3 $15 (28. Ne6 $2 Re8 $19)) 27... d3 {[%emt 0:01:21] Threatens to win with ...Nc4.} 28. Re3 Rd8 29. Qh5 {[%emt 0:01:08] White wants to mate with Re8+.} g6 30. Qh4 Nc6 {[%emt 0:08:30] Prevents Re7.} ({Don't go for} 30... Nc4 $2 31. Re7 $18) 31. Qf6 Rf8 32. Qe6+ Qxe6 33. Rxe6 $11 {[%emt 0:00:06][%mdl 4096] Endgame. KRN-KRN} Rc8 34. Rd6 Ne5 35. g3 Ra8 36. Kg2 Ra2 37. Rd5 Nc4 38. Rxd3 Nxb2 39. Rd8+ Kf7 40. Nf3 {[%emt 0:01:58] Strongly threatening Rd2.} Na4 41. Rd7+ Kf6 42. Rc7 Ra3 43. Rc6+ Ke7 44. Nd4 Nxc3 45. Rc7+ Kf6 46. Nc2 Rb3 47. Nd4 $1 Rb4 48. Rc6+ Kf7 49. Rc7+ Ke8 {[%emt 0:03:52] ...Nd5 would now be deadly.} 50. Nxf5 gxf5 51. Rxc3 Kf7 52. Kf3 Rb2 {[%emt 0:00:13] Weighted Error Value: White=0.05 (flawless) /Black=0.07 (flawless) .  Mistake:       	White=1     	Black=1      Inaccurate:     	White=2     	Black=1      OK:         	White=22    	Black=12     Best:        	White=1     	Black=2      Strong:       	White=1     	---} 1/2-1/2

[Event "Baku Open 2024"]
[Site "Baku"]
[Date "2024.07.03"]
[Round "5.28"]
[White "Vantika Agrawal"]
[Black "Javadov, Habil"]
[Result "1-0"]
[ECO "E06"]
[WhiteElo "2390"]
[BlackElo "2195"]
[Annotator "TA"]
[PlyCount "53"]
[EventDate "2024.06.29"]
[EventType "swiss"]
[EventCountry "AZE"]
[SourceTitle "playchess.com"]
[Source "ChessBase"]
[SourceQuality "1"]
[TimeControl "5400+30"]

1. d4 d5 2. c4 e6 3. Nf3 Nf6 4. g3 Be7 5. Bg2 O-O 6. O-O c6 7. Nc3 b6 8. Ne5 Bb7 9. e4 dxc4 10. Nxc4 b5 11. Ne3 Nbd7 12. Qc2 Rc8 {[%emt 0:03:20] White is slightly better.} 13. Rd1 Qb6 14. b3 Rfd8 15. Bb2 Nf8 16. Rac1 c5 (16... Rxd4 $2 17. Rxd4 h5 (17... Qxd4 $2 18. Ncd5 $18) 18. Rd3 $18) ({Black should try} 16... a6 $14) 17. d5 $16 exd5 {[%emt 0:09:47] Loses the game.} (17... Rb8 $16 18. h4 N8d7) 18. e5 $18 ({Less strong is} 18. Nexd5 Nxd5 19. Nxd5 Bxd5 20. exd5 Bg5 $14) (18. exd5 $6 Ng6 19. a4 a6 $18) 18... Ne8 19. Ncxd5 ({Weaker is} 19. Bxd5 Ne6 $16) 19... Qe6 20. Nxe7+ Qxe7 21. Rxd8 Rxd8 22. Qxc5 Qd7 (22... Qxc5 $142 23. Rxc5 Bxg2) 23. Rd1 Qxd1+ (23... Qc8 $142 24. Qxc8 (24. Qxa7 Rxd1+ 25. Nxd1 Bxg2 $16) 24... Rxd1+ 25. Nxd1 Bxc8) 24. Nxd1 Rxd1+ 25. Bf1 {[%emt 0:00:06][%cal Ob2a3] aiming for Ba3!} a6 26. f4 Ne6 $2 {[%emt 0:01:27] [#]} (26... g6 27. Qc2 Rd7) 27. Qd4 $4 {[%emt 0:31:19][%mdl 40960] Weighted Error Value: White=0.18 (very precise) /Black=0.65.  Missed win:     	White=1     	---        Mistake:       	---       	Black=5      Inaccurate:     	White=1     	Black=1      OK:         	White=6     	Black=4      Best:        	White=2     	---       . Loss on time!?} 1-0

[Event "Baku Open 2024"]
[Site "Baku"]
[Date "2024.07.03"]
[Round "5.29"]
[White "Serikbay, Assel"]
[Black "Kamalidenova, Meruert"]
[Result "0-1"]
[ECO "E73"]
[WhiteElo "2217"]
[BlackElo "2360"]
[Annotator "TA"]
[PlyCount "80"]
[EventDate "2024.06.29"]
[EventType "swiss"]
[EventCountry "AZE"]
[SourceTitle "playchess.com"]
[Source "ChessBase"]
[SourceQuality "1"]
[TimeControl "5400+30"]

1. d4 Nf6 2. c4 g6 3. Nc3 Bg7 4. e4 d6 5. Be2 O-O 6. Be3 c5 7. d5 Qb6 8. Qd2 e6 9. f3 exd5 {[%emt 0:03:02] White has an edge.} 10. cxd5 a6 {[%emt 0:02:31] [#]} 11. e5 dxe5 $17 12. Na4 (12. Ne4 $142) 12... Qd8 13. Bxc5 (13. Rd1 $17) 13... Re8 $1 $19 14. Nb6 {[%emt 0:05:55] [#]} (14. Bf2 {might work better.} Nbd7 (14... Qxd5 $2 15. Nb6 $18) (14... Nxd5 15. Rd1 $14) 15. Nc3) 14... Nbd7 $1 15. Nxa8 Nxc5 16. Rc1 {[%emt 0:02:57] [#]} Bf8 {[%emt 0:03:45][%cal Oe5e4] Threatens to win with ...e4!} (16... Qxd5 $2 17. Qxd5 Nxd5 18. Rxc5 $18) 17. b4 {[%emt 0:11:02] [#]} Nce4 18. fxe4 Nxe4 19. Qb2 Qh4+ (19... Qxd5 $2 20. Nc7 Qd8 21. Nxe8 $18) 20. g3 Nxg3 21. Nf3 Qxb4+ (21... Nxh1+ $2 22. Nxh4 Be7 23. Nf3 $18 (23. Qxe5 Bxh4+ 24. Kd2 Rxe5 $17)) (21... Bxb4+ $19 {is more deadly.} 22. Kd1 Qe4 23. hxg3 Qxd5+ 24. Nd2 Qxh1+ 25. Kc2 Qh2 26. Qxb4 Qxe2) 22. Qxb4 $17 Bxb4+ 23. Kf2 Nxh1+ 24. Kg2 {[%emt 0:03:29] [#]} Ba5 {[%emt 0:09:53] Repels Nb6} 25. Nc7 $1 $11 Rd8 {[%emt 0:00:13][%cal Oe5e4] White should prevent ...e4!} 26. Kxh1 (26. Nxe5 $1 $11 Bf5 27. Kxh1) 26... Bg4 27. Kg2 Kf8 28. h3 Bh5 {[%emt 0:05:03] A strong pair of Bishops.} 29. Bd3 Bxf3+ 30. Kxf3 Ke7 31. Ke4 Kd6 32. Nxa6 $2 {[%emt 0:00:24] Now White is beyond hope.} (32. Ne6 $17 fxe6 33. dxe6) 32... f5+ $19 (32... bxa6 33. Rc6+ Ke7 34. Kxe5 $11) 33. Ke3 e4 ({Don't play} 33... bxa6 34. Rc6+ Kxd5 35. Rxa6 $19) 34. Bb5 ({Reject} 34. Nc5 Bb6 (34... exd3 $2 {is the wrong capture.} 35. Nxb7+ Kxd5 36. Rc5+ Ke6 37. Rxa5 $18) 35. Bc2 Bxc5+ (35... Kxc5 $2 36. Bb3+ Kd6+ 37. Kf4 $19) 36. Ke2 Rc8 $19 (36... Kxd5 $2 37. Bb3+ Kc6 38. Rf1 $19)) (34. Rb1 {keeps fighting.} exd3 35. Nb4) 34... bxa6 {[%emt 0:00:46][%mdl 4096] Endgame. KRB-KRB} 35. Rc6+ Kxd5 36. Rxa6 Bb4 {[%emt 0:00:39] ...Ke5 would now be deadly.} 37. Ba4 Ke5 {[%emt 0:00:35] ( -> ...Rd2)} 38. Bb3 f4+ {[%emt 0:00:06] Black mates.} 39. Ke2 f3+ 40. Kf1 e3 {[%emt 0:00:19] Weighted Error Value: White=0.73/Black=0.15 (very precise) .  Loses game:     	White=1     	---        Missed win:     	---       	Black=1      Mistake:       	White=6     	Black=1      Inaccurate:     	White=3     	---        OK:         	White=7     	Black=16     Best:        	White=3     	Black=4      Strong:       	White=1     	Black=2} 0-1

[Event "Baku Open 2024"]
[Site "Baku"]
[Date "2024.07.03"]
[Round "5.30"]
[White "Amangeldy, Ernur"]
[Black "Putrenko, Kirill"]
[Result "1-0"]
[ECO "E11"]
[WhiteElo "2223"]
[BlackElo "2349"]
[Annotator "TA"]
[PlyCount "83"]
[EventDate "2024.06.29"]
[EventType "swiss"]
[EventCountry "AZE"]
[SourceTitle "playchess.com"]
[Source "ChessBase"]
[SourceQuality "1"]
[TimeControl "5400+30"]

1. d4 Nf6 2. c4 e6 3. Nf3 d5 4. g3 Bb4+ 5. Bd2 Be7 6. Bg2 O-O 7. O-O c6 8. Qc2 Nbd7 9. Rd1 a5 10. b3 b6 11. Bc3 Bb7 {[%emt 0:01:24] The position is equal.} 12. Nbd2 c5 13. a4 Qc7 14. Qb2 Rac8 15. Rac1 Rfd8 16. dxc5 bxc5 {[%emt 0:03:16] [#] And now ...d4 would win.} 17. cxd5 exd5 18. e3 Qb6 19. Ne5 Nf8 20. Qb1 Ra8 21. e4 d4 (21... Qc7 $11 22. exd5 Nxd5) 22. Ndc4 $16 Qc7 23. Bd2 N6d7 24. Nd3 {[%emt 0:01:04] White is much more active.} Ra6 25. Qc2 Rda8 26. Nf4 Ne5 27. Na3 (27. Nd5 Bxd5 28. exd5 Nxc4 29. bxc4 (29. Qxc4 Bd6 $14) 29... Bd6) 27... Qd8 28. Nd5 Nfd7 29. Nb5 Bxd5 (29... g5 $142) 30. exd5 Bf8 31. Bf4 Ng6 $2 {[%emt 0:07:55] [#] This costs Black the game.} (31... Qf6 $16 {was worth a try.} 32. Bxe5 Qxe5) 32. Bc7 $18 Qf6 33. Qe2 {[%emt 0:03:35] Threatens to win with d6.} Qf5 $2 (33... Qe7 {is a better defense.} 34. Qxe7 Nxe7) 34. d6 {[%emt 0:01:35] White is clearly winning.} Nge5 35. f4 Ng4 36. Be4 Qh5 37. Bf3 f5 (37... Ndf6 $142 38. Qg2 (38. d7 g6 $18) 38... Re8) 38. Qe6+ Qf7 {[%emt 0:00:38] Black is weak on the light squares} 39. Bd5 Nh6 40. Bc4 {[%emt 0:00:18] A strong pair of Bishops.} Nf6 41. Qe2 Nd5 42. Qf3 {[%emt 0:00:11] Weighted Error Value: White=0.06 (flawless) /Black=0.29 (precise) .  Loses game:     	---       	Black=1      Mistake:       	---       	Black=4      Inaccurate:     	White=1     	Black=1      OK:         	White=13    	Black=11     Best:        	White=2     	---} 1-0